 Dungeon Crawl Stone Soup version 0.23.2-33-g5129a83 (webtiles) character file.

Game seed: 6265906783032262917

2125 Fortress the Arsonist (level 9, -3/62 HPs)
             Began as a Pale Draconian Fire Elementalist on Aug 6, 2019.
             Was a Believer of Sif Muna.
             Slain by a red ugly thing (6 damage)
             ... on level 8 of the Dungeon.
             The game lasted 00:26:38 (7371 turns).

Fortress the Arsonist (DrFE)                        Turns: 7371, Time: 00:26:38

Health: -3/62      AC: 15    Str: 10    XL:     9   Next: 8%
Magic:  12/19      EV: 12    Int: 24    God:    Sif Muna [**....]
Gold:   321        SH:  0    Dex: 12    Spells: 8/21 levels left

rFire    . . .     SeeInvis .   m - +2 dagger (venom)
rCold    . . .     Gourm    .   (no shield)
rNeg     . . .     Faith    .   (armour unavailable)
rPois    +         Spirit   .   (helmet restricted)
rElec    .         Reflect  .   j - +0 cloak
rCorr    .         Harm     .   z - +0 pair of gloves (curse)
MR       .....                  l - +0 pair of boots
Stlth    ++........             (no amulet)
HPRegen  0.20/turn              q - ring of poison resistance
MPRegen  0.16/turn              E - +5 ring of protection

@: brilliant
A: breathe steam, unfitting armour, cold-blooded, AC +7
a: Breathe Steam, Divine Energy, Renounce Religion


You were on level 8 of the Dungeon.
You worshipped Sif Muna.
Sif Muna was pleased with you.
You were not hungry.

You visited 2 branches of the dungeon, and saw 10 of its levels.

You collected 321 gold pieces.

Inventory:

Hand Weapons
 m - a +2 dagger of venom (weapon)
 n - a +1 vampiric spear
 v - a +1 morningstar of protection
Armour
 j - a +0 cloak (worn)
 l - a +0 pair of boots (worn)
 z - a cursed +0 pair of gloves (worn)
Jewellery
 q - a ring of poison resistance (left hand)
 A - an uncursed ring of ice
 E - a +5 ring of protection (right hand)
Wands
 p - a wand of digging (2)
 w - a wand of enslavement (4)
 D - a wand of polymorph (5)
Scrolls
 d - 2 scrolls of identify
 f - 3 scrolls of remove curse
 s - a scroll of enchant weapon {unknown}
 y - a scroll of noise {unknown}
 C - a scroll of blinking {unknown}
Potions
 c - 2 potions of haste
 e - a potion of might {unknown}
 g - 2 potions of resistance {unknown}
 h - 3 potions of berserk rage {unknown}
 i - 5 potions of curing
 k - a potion of magic {unknown}
 o - 2 potions of heal wounds {unknown}
 r - 2 potions of brilliance
 t - 2 potions of cancellation {unknown}
 u - a potion of degeneration {unknown}
 x - a potion of lignification {unknown}
 B - a potion of mutation {unknown}
Comestibles
 b - 12 rations


   Skills:
 - Level 0.4 Short Blades
 - Level 2.0 Dodging
 - Level 2.2 Stealth
 + Level 6.8 Spellcasting
 + Level 6.7 Conjurations
 + Level 8.0 Fire Magic


You had 8 spell levels left.
You knew the following spells:

 Your Spells              Type           Power        Failure   Level  Hunger
a - Flame Tongue          Conj/Fire      #####        1%          1    None
b - Throw Flame           Conj/Fire      ######       1%          2    None
c - Conjure Flame         Conj/Fire      ######..     1%          3    None
d - Inner Flame           Hex/Fire       #####...     1%          3    None
e - Sticky Flame          Conj/Fire      ######..     1%          4    ###....

Your spell library contained the following spells:

 Spells                   Type           Power        Failure   Level  Hunger
 Animate Skeleton         Necr           N/A          1%          1    None
 Apportation              Tloc           ###...       1%          1    None
 Confusing Touch          Hex            ###...       1%          1    None
 Corona                   Hex            ###....      1%          1    None
 Summon Small Mammal      Summ           ###.         1%          1    None
 Ensorcelled Hibernation  Hex/Ice        ###...       1%          2    None
 Dazzling Spray           Conj/Hex       #####.       1%          3    None
 Fireball                 Conj/Fire      ######....   1%          5    #####..
 Confuse                  Hex            ###.....     2%          3    None
 Tukima's Dance           Hex            ###.....     2%          3    None


Dungeon Overview and Level Annotations

Branches:
Dungeon (9/15)             Temple (1/1) D:7
   Lair: D:8-11         Orc: D:9-12

Altars:
Ashenzari
Cheibriados
Dithmenos
Elyvilon
Fedhas
Gozag
Hepliaklqana
Kikubaaqudgha
Makhleb
Okawaru
Qazlal
Ru
Sif Muna
Trog
Uskayaw
Vehumet
Xom
Yredelemnul
Zin
The Shining One

Shops:
D:4 [

Annotations:
D:5 2 runed translucent doors, DonnieDarkness's ghost, novice FoFi


Innate Abilities, Weirdness & Mutations

You can breathe blasts of scalding, opaque steam.
Your pale cyan-grey scales are hard. (AC +7)
You cannot fit into any form of body armour.
You are cold-blooded and may be slowed by cold attacks.


Message History

You climb upwards.
The centaur skeleton barely misses you.
The centaur skeleton hits you but does no damage.
There is a stone staircase leading down here.
It was a potion of curing.
You feel better.
The centaur skeleton hits you but does no damage.
The red ugly thing barely misses you.
You feel better.
The centaur skeleton closely misses you.
The red ugly thing stings you.
* * * LOW HITPOINT WARNING * * *
You are engulfed in flames!
* * * LOW HITPOINT WARNING * * *
It was a potion of brilliance.
You feel clever all of a sudden. The centaur skeleton barely misses you.
The centaur skeleton closely misses you.
The red ugly thing stings you but does no damage.
Okay, then.
The centaur skeleton barely misses you. The red ugly thing stings you.
You die...

#....# ..
#....# <..
#....# .).#
#....##...#
#..........
#..........
#........?.
####.u@..!....
#....>Z.##...#
##.##....## #
##.........#
#...####...#
#...#((#...#
#._.#..#.###
#..)#..#..##..
#..)####......


You could see a red ugly thing, 2 dancing weapons and a centaur skeleton.

Vanquished Creatures
  A hippogriff (D:7)
  A hungry ghost (D:9)
  2 phantoms
  3 ogres
  2 ice beasts
  2 centaurs (D:7)
  A crocodile (D:7)
  A scorpion (D:7)
  4 howler monkeys
  2 crimson imps
  A jelly (D:7)
  3 orc priests
  A hound (D:5)
  2 orc wizards
  2 centaur skeletons
  2 iguanas (D:5)
  Natasha (thrice) (D:3)
  4 worker ants
  3 gnolls (D:2)
  9 adders
  2 oozes
  An adder skeleton (D:7)
  2 worms
  2 dart slugs
  6 leopard geckos
  11 orcs
  2 ball pythons
  6 bats
  4 giant cockroaches
  10 goblins
  5 hobgoblins (D:3)
  6 jackals
  7 kobolds
  7 quokkas
  8 frilled lizards
  A leopard gecko zombie (D:7)
  8 rats
137 creatures vanquished.

Notes
Turn   | Place    | Note
-------+----------+-------------------------------------------
     0 | D:1      | Fortress the Draconian Fire Elementalist began the quest
                  | for the Orb.
     0 | D:1      | Reached XP level 1. HP: 14/14 MP: 3/3
   211 | D:1      | Reached XP level 2. HP: 20/20 MP: 3/5
  1027 | D:2      | Reached XP level 3. HP: 26/26 MP: 3/6
  1432 | D:2      | Reached XP level 4. HP: 13/33 MP: 1/7
  2452 | D:3      | Found a glowing golden altar of the Shining One.
  2472 | D:3      | Noticed Natasha
  2477 | D:3      | Killed Natasha
  2477 | D:3      | Reached skill level 4 in Fire Magic
  2584 | D:3      | Noticed Natasha
  2591 | D:3      | Killed Natasha
  2591 | D:3      | Reached XP level 5. HP: 33/38 MP: 3/9
  2664 | D:3      | Found an ancient bone altar of Kikubaaqudgha.
  2793 | D:3      | Noticed Natasha
  2798 | D:3      | Killed Natasha
  3202 | D:3      | Found a white marble altar of Elyvilon.
  3549 | D:4      | Found a burning altar of Makhleb.
  3549 | D:4      | Noticed a cacodemon
  3603 | D:4      | Noticed a phantom
  3619 | D:4      | Killed a phantom
  3619 | D:4      | Reached XP level 6. HP: 45/45 MP: 0/11
  3841 | D:4      | Found Jeoq's Antique Armour Shoppe.
  4026 | D:4      | Reached skill level 5 in Fire Magic
  4030 | D:4      | Your scales start taking on a pale cyan-grey colour.
  4030 | D:4      | Reached XP level 7. HP: 50/50 MP: 2/13
  4068 | D:4      | Found a burning altar of Makhleb.
  4476 | D:4      | Found a bloodstained altar of Trog.
  4557 | D:5      | Entered Level 5 of the Dungeon
  4725 | D:5      | Found a runed translucent door.
  4728 | D:5      | Noticed DonnieDarkness's ghost (novice FoFi)
  4762 | D:5      | Reached skill level 6 in Fire Magic
  4768 | D:5      | Found a runed translucent door.
  4814 | D:5      | Found a deep blue altar of Sif Muna.
  4820 | D:5      | Became a worshipper of Sif Muna the Loreminder
  5202 | D:6      | Learned a level 2 spell: Throw Flame
  5206 | D:6      | Learned a level 3 spell: Conjure Flame
  5210 | D:6      | Learned a level 3 spell: Inner Flame
  5215 | D:6      | Learned a level 4 spell: Sticky Flame
  5226 | D:6      | Reached skill level 5 in Spellcasting
  5566 | D:6      | Reached skill level 5 in Conjurations
  5571 | D:6      | Reached XP level 8. HP: 45/57 MP: 4/15
  5725 | D:6      | Found an iron altar of Okawaru.
  6286 | D:7      | Reached * piety under Sif Muna
  6291 | D:7      | Reached skill level 7 in Fire Magic
  6680 | D:7      | Noticed a hippogriff
  6686 | D:7      | Killed a hippogriff
  6692 | D:7      | Found a staircase to the Ecumenical Temple.
  6852 | D:7      | Found a shimmering altar of Xom.
  6854 | D:7      | Found a white marble altar of Elyvilon.
  6854 | D:7      | Found a stormy altar of Qazlal.
  6863 | D:7      | Found a shimmering altar of Xom.
  6863 | D:7      | Found a shadowy altar of Dithmenos.
  6863 | D:7      | Found a glowing silver altar of Zin.
  6936 | Temple   | Entered the Ecumenical Temple
  7131 | D:8      | Found a hide-covered altar of Uskayaw.
  7131 | D:8      | Noticed a +0 dagger
  7132 | D:8      | Noticed a -3 dagger
  7143 | D:8      | Noticed a red ugly thing
  7146 | D:8      | Reached XP level 9. HP: 55/62 MP: 5/19
  7183 | D:9      | Reached ** piety under Sif Muna
  7183 | D:9      | Reached skill level 8 in Fire Magic
  7366 | D:9      | HP: 1/62 [red ugly thing (21)]
  7371 | D:8      | Slain by a red ugly thing

Skill      XL: |  1  2  3  4  5  6  7  8  9 |
---------------+----------------------------+-----
Stealth        | 2 |  2.2
Dodging        | 2 |  2.0
Conjurations   | 2 3 5 6 |  6.7
Spellcasting   | 3 4 5 6 |  6.8
Fire Magic     | 4 5 6 7 8 |  8.0
Short Blades   | |  0.4

Action                   |  1- 3 |  4- 6 |  7- 9 || total
-------------------------+-------+-------+-------++-------
Melee: Unarmed           |    30 |       |       ||    30
       Tailslap          |     4 |     1 |     9 ||    14
       Dagger            |    10 |     6 |    65 ||    81
 Cast: Flame Tongue      |    46 |   113 |   154 ||   313
       Throw Flame       |       |       |    11 ||    11
  Use: Scroll            |       |     3 |       ||     3
       Potion            |       |       |     4 ||     4
  Eat: Chunk             |     2 |     8 |     9 ||    19
       Ration            |       |       |     2 ||     2
Armor: Skin              |    19 |    23 |    54 ||    96
Dodge: Dodged            |    35 |    32 |   100 ||   167
